 Dungeon Crawl Stone Soup version 0.27-a0-198-g1307ea1511 (webtiles) character file.

Game seed: 14483806859105509709

480 ReteAZ the Fighter (level 7, -5/63 HPs)
             Began as a Gnoll Wanderer on Jan 29, 2021.
             Slain by an orc warrior
             ... wielding a +0 battleaxe
              (19 damage)
             ... on level 4 of the Dungeon.
             The game lasted 00:04:53 (4103 turns).

ReteAZ the Fighter (Gnoll Wanderer)                 Turns: 4103, Time: 00:04:54

Health: -5/63      AC: 11    Str:  9 (12) XL:     7   Next: 12%
Magic:  10/10      EV:  6    Int: 12 (13) God:
Gold:   149        SH:  8    Dex:  9 (11) Spells: 10/10 levels left

rFire    + . .     SeeInvis .   a - +2 hand axe
rCold    . . .     Faith    .   z - +0 kite shield (curse)
rNeg     . . .     Spirit   .   r - +1 scale mail {Will+}
rPois    .         Reflect  .   (no helmet)
rElec    .         Harm     .   x - scarf {+Inv}
rCorr    .         Rampage  .   (no gloves)
Will     ++...     Rnd*Rage +   y - +0 pair of boots
Stlth    +.........             (no amulet)
HPRegen  0.20/turn              h - ring of protection from fire
MPRegen  0.12/turn              j - ring of stealth

@: no status effects
A: distributed training, fangs 1, hooves 1, yellow scales 1, berserk 1,
strong-willed 1, strong nose
a: Evoke Invisibility


You were on level 4 of the Dungeon.
You visited 1 branch of the dungeon, and saw 5 of its levels.

You collected 149 gold pieces.

Inventory:

Hand Weapons
 a - a +2 hand axe (weapon)
Armour
 b - a +0 ring mail
 c - a +2 leather armour of cold resistance
 r - a +1 scale mail of willpower (worn)
 x - a scarf of invisibility (worn)
 y - a +0 pair of boots (worn)
 z - a cursed +0 kite shield (worn)
Jewellery
 h - a ring of protection from fire (left hand)
 j - a ring of stealth (right hand)
 n - an uncursed ring of magical power {unknown}
 p - an uncursed ring of positive energy {unknown}
Scrolls
 d - 7 scrolls of enchant weapon {unknown}
 e - a scroll of fog {unknown}
 g - a scroll of immolation {unknown}
 i - 2 scrolls of blinking {unknown}
 k - 5 scrolls of remove curse {unknown}
 l - 2 scrolls of identify {unknown}
 m - 3 scrolls of fear {unknown}
 q - a scroll of noise {unknown}
Potions
 o - 2 potions of brilliance


   Skills:
 + Level 8.8 Fighting
 + Level 2.2 Short Blades
 + Level 2.2 Long Blades
 + Level 5.1 Axes
 + Level 2.2 Maces & Flails
 + Level 2.2 Polearms
 + Level 2.2 Staves
 + Level 2.2 Slings
 + Level 3.4 Bows
 + Level 2.2 Crossbows
 + Level 3.4 Throwing
 + Level 3.4 Armour
 + Level 2.2 Dodging
 + Level 2.2 Stealth
 + Level 3.4 Shields
 + Level 2.2 Unarmed Combat
 + Level 2.2 Spellcasting
 + Level 1.8 Conjurations
 + Level 1.8 Hexes
 + Level 1.8 Summonings
 + Level 1.8 Necromancy
 + Level 1.8 Translocations
 + Level 1.8 Transmutations
 + Level 1.8 Fire Magic
 + Level 1.8 Ice Magic
 + Level 1.8 Air Magic
 + Level 1.8 Earth Magic
 + Level 1.8 Poison Magic
 + Level 2.5 Invocations
 + Level 2.2 Evocations


You had 10 spell levels left.
You didn't know any spells.
Your spell library was empty.

Dungeon Overview and Level Annotations

Branches:
Dungeon (5/15)
 Temple: D:4-7

Altars:
Elyvilon

Annotations:
D:3 3 runed translucent doors, Zero's ghost, amateur SpEn


Innate Abilities, Weirdness & Mutations

Your experience applies equally to all skills.
You have very sharp teeth.
Your uncanny sense of smell can sniff out nearby items.
You have large cloven feet.
You are partially covered in yellow scales. (AC +2)
You tend to lose your temper in combat.
You are strong-willed. (Will+)


Message History

You feel much better.
The orc warrior hits you with a +0 battleaxe!!
You hit the orc warrior.
The orc warrior is heavily wounded.
The orc warrior hits you with a +0 battleaxe!
* * * LOW HITPOINT WARNING * * *
You hit the orc warrior.
The orc warrior is heavily wounded.
The orc warrior barely misses you.
You hit the orc warrior but do no damage.
Your bite misses the orc warrior.
The orc warrior is heavily wounded.
You block the orc warrior's attack.
You hit the orc warrior but do no damage.
The orc warrior is heavily wounded.
You block the orc warrior's attack.
You hit the orc warrior.
The orc warrior is severely wounded.
The orc warrior hits you with a +0 battleaxe!!
You die...

#.###....###.#.# #...# #.
#..........>.#.# ##.## #.
.....(...#####.######.#####
#. #####...##
#............# #. #...#
########.###.# ## #...# #.#
#)# #...######## #.# #.#
###........).######.# #.#
#.....######.o@.....# #.#
#.###.# ########## #.# #.#
#.# #.### #.# #.# #...# #.#
#.# ###.# #.# #.# #.# #.#
#.# #.# ###.# #.# #.# ....#
#.# #.#


You could see an orc warrior.

Vanquished Creatures
  Eustachio (D:4)
  A howler monkey (D:4)
  A hound (D:4)
  A bullfrog skeleton (D:4)
  A centaur skeleton (D:4)
  2 worker ants
  An orc wizard (D:2)
  6 adders
  An ooze (D:1)
  4 dart slugs
  4 leopard geckos
  6 orcs
  4 bats
  10 goblins
  6 hobgoblins
  5 kobolds
  4 quokkas
  4 frilled lizards
  A quokka skeleton (D:4)
  10 rats
73 creatures vanquished.

Notes
Turn   | Place    | Note
-------+----------+-------------------------------------------
     0 | D:1      | ReteAZ the Gnoll Wanderer began the quest for the Orb.
     0 | D:1      | ReteAZ set off with the following items: a +2 hand axe, a
                  | +0 ring mail, a potion of lignification
     0 | D:1      | Reached XP level 1. HP: 26/26 MP: 1/1
   145 | D:1      | Reached XP level 2. HP: 31/33 MP: 2/2
   592 | D:2      | Reached XP level 3. HP: 33/38 MP: 3/3
   789 | D:2      | Reached skill level 1 in Invocations
  1018 | D:2      | Reached skill level 1 in Short Blades
  1018 | D:2      | Reached skill level 1 in Long Blades
  1018 | D:2      | Reached skill level 1 in Maces & Flails
  1018 | D:2      | Reached skill level 1 in Polearms
  1018 | D:2      | Reached skill level 1 in Staves
  1018 | D:2      | Reached skill level 1 in Slings
  1018 | D:2      | Reached skill level 1 in Crossbows
  1018 | D:2      | Reached skill level 1 in Dodging
  1018 | D:2      | Reached skill level 1 in Stealth
  1018 | D:2      | Reached skill level 1 in Unarmed Combat
  1018 | D:2      | Reached skill level 1 in Spellcasting
  1018 | D:2      | Reached skill level 1 in Evocations
  1018 | D:2      | Reached XP level 4. HP: 29/45 MP: 5/5
  1640 | D:3      | Found a runed translucent gate.
  1640 | D:3      | Found a runed translucent gate.
  1640 | D:3      | Found a runed translucent gate.
  1672 | D:3      | Found a white marble altar of Elyvilon.
  1687 | D:3      | Reached skill level 1 in Conjurations
  1687 | D:3      | Reached skill level 1 in Hexes
  1687 | D:3      | Reached skill level 1 in Summonings
  1687 | D:3      | Reached skill level 1 in Necromancy
  1687 | D:3      | Reached skill level 1 in Translocations
  1687 | D:3      | Reached skill level 1 in Transmutations
  1687 | D:3      | Reached skill level 1 in Fire Magic
  1687 | D:3      | Reached skill level 1 in Ice Magic
  1687 | D:3      | Reached skill level 1 in Air Magic
  1687 | D:3      | Reached skill level 1 in Earth Magic
  1687 | D:3      | Reached skill level 1 in Poison Magic
  1969 | D:2      | Reached XP level 5. HP: 29/51 MP: 6/6
  2372 | D:3      | Noticed Zero's ghost (amateur SpEn)
  2918 | D:4      | Noticed Eustachio
  3071 | D:4      | Reached XP level 6. HP: 54/57 MP: 8/8
  3336 | D:4      | Reached skill level 5 in Axes
  3361 | D:5      | Entered Level 5 of the Dungeon
  3550 | D:5      | Noticed an orc warrior
  3576 | D:4      | Gained mutation: You are strong-willed. (Will+) [potion of
                  | mutation]
  3576 | D:4      | Gained mutation: You tend to lose your temper in combat.
                  | [potion of mutation]
  3576 | D:4      | Gained mutation: You have large cloven feet. [potion of
                  | mutation]
  3576 | D:4      | Gained mutation: You are partially covered in yellow
                  | scales. (AC +2) [potion of mutation]
  3672 | D:4      | Killed Eustachio
  3673 | D:4      | Reached XP level 7. HP: 13/63 MP: 10/10
  4103 | D:4      | Slain by an orc warrior

Illustrated notes

Levels and vault maps discovered:
D:1:      dpeg_arrival_pits, layout_basic, lemuel_old_faithful
D:2:      layout_basic, grunt_decor_arrowhead
D:3:      layout_basic, elyvilon_altar_3, gammafunk_ghost_necromancy
D:4:      layout_loops_ring, uniq_eustachio
D:5:      layout_loops_ring, nicolae_overflow_quartered_altars,
          minmay_temple_entry_gardened_gates, led_sif_book

Skill      XL: |  1  2  3  4  5  6 |
---------------+-------------------+-----
Invocations    | 1 2 |  2.5
Short Blades   | 1 2 |  2.2
Long Blades    | 1 2 |  2.2
Maces & Flails | 1 2 |  2.2
Polearms       | 1 2 |  2.2
Staves         | 1 2 |  2.2
Slings         | 1 2 |  2.2
Crossbows      | 1 2 |  2.2
Dodging        | 1 2 |  2.2
Stealth        | 1 2 |  2.2
Unarmed Combat | 1 2 |  2.2
Spellcasting   | 1 2 |  2.2
Evocations     | 1 2 |  2.2
Conjurations   | 1 |  1.8
Hexes          | 1 |  1.8
Summonings     | 1 |  1.8
Necromancy     | 1 |  1.8
Translocations | 1 |  1.8
Transmutations | 1 |  1.8
Fire Magic     | 1 |  1.8
Ice Magic      | 1 |  1.8
Air Magic      | 1 |  1.8
Earth Magic    | 1 |  1.8
Poison Magic   | 1 |  1.8
Bows           | 3 |  3.4
Throwing       | 3 |  3.4
Armour         | 3 |  3.4
Shields        | 3 |  3.4
Axes           | 5 |  5.1
Fighting       | |  8.8

Action                   |  1- 3 |  4- 6 |  7- 9 || total
-------------------------+-------+-------+-------++-------
Melee: Hand axe          |    75 |   283 |    16 ||   374
       Bite              |     3 |    24 |       ||    27
  Use: Potion            |       |     8 |     1 ||     9
 Stab: Sleeping          |       |     1 |       ||     1
Armor: Ring mail         |    33 |    25 |       ||    58
       Scale mail        |       |   146 |     2 ||   148
       Skin              |       |    48 |       ||    48
Dodge: Dodged            |    37 |   117 |     5 ||   159
Block: Kite shield       |       |   121 |     5 ||   126

Table legend: (Time is in decaauts)
 A = Elapsed time spent in this place.
 B = Non-inter-level travel time spent in this place.
 C = Inter-level travel time spent in this place.
 D = Time resting spent in this place.
 E = Time spent auto-exploring this place.
 F = Levels seen in this place.
 G = Mean time per level.
                   A        B        C        D        E       F      G
               +--------+--------+--------+--------+--------+-----+--------+
         Total |   4179 |   4069 |    110 |    864 |   2437 |   5 |  835.8 |
       Dungeon |   4179 |   4069 |    110 |    864 |   2437 |   5 |  835.8 |
               +--------+--------+--------+--------+--------+-----+--------+

Top non-repeatable levels by time:
     D:4: 1342 daAuts
     D:2: 1291 daAuts
     D:3: 766 daAuts
     D:1: 576 daAuts
     D:5: 203 daAuts
